Map: [ESL] Oceanborn

Players

Nanami

  • Race: Protoss Protoss
  • Spawn Location: 11:00

Lemon - Winner!

  • Race: Protoss Protoss
  • Spawn Location: 5:00

Event: ESL SC2 Masters 2024 Spring (Regional)

VOD

Have the link to the VOD?

Description

Time

  • Played on: April 27, 2024, 5:12 a.m.
  • Length: 8:58

All games in this series

Show
View Real Time Build Order
Export as new Build Order

Nanami Protoss 

Build Orders: Phoenix Opening 

Get SALT Encoding   

  12  0:00  Probe  
  13  0:12  Probe  
  14  0:17  Pylon  
  14  0:24  Probe (Chrono Boost)  
  15  0:36  Probe (Chrono Boost), Gateway  
  16  0:43  Probe (Chrono Boost)  
  16  0:45  Assimilator  
  17  0:51  Probe  
  18  0:58  Assimilator  
  18  1:03  Probe (Chrono Boost)  
  19  1:09  Pylon  
  19  1:13  Probe (Chrono Boost)  
  19  1:18  Probe (Chrono Boost)  
  21  1:28  Cybernetics Core  
  21  1:29  Probe  
  21  1:31  Zealot  
  24  1:41  Probe  
  25  1:53  Probe  
  26  2:03  Pylon, Warp Gate (Chrono Boost)  
  26  2:04  Sentry  
  28  2:19  Nexus  
  28  2:27  Pylon  
  28  2:29  Sentry  
  30  2:35  Phoenix  
  30  2:45  Gateway  
  30  2:46  Gateway  
  30  2:52  Pylon, Sentry  
  32  3:02  Probe  
  33  3:11  Shield Battery  
  33  3:14  Sentry  
  33  3:15  Gateway  
  33  3:18  Probe  
  36  3:31  Probe  
  38  3:43  Probe  
  38  3:48  Stalker x2  
  43  3:49  Stalker  
  43  3:51  Probe  
  46  4:08  Stalker  
  46  4:09  Stalker  
  49  4:12  Stalker  
  51  4:17  Stalker  
  53  4:30  Stalker  
  43  4:40  Stalker x2  
  43  4:45  Stalker  
  41  5:01  Stalker, Probe x2  
  41  5:06  Stalker x2  
  45  5:13  Probe  
  46  5:16  Stalker  
  46  5:17  Probe  
  43  5:26  Probe (Chrono Boost)  
  44  5:29  Probe (Chrono Boost)  
  44  5:31  Twilight Council  
  46  5:37  Probe (Chrono Boost)  
  46  5:39  Probe (Chrono Boost)  
  46  5:41  Adept  
  46  5:42  Adept  
  51  5:44  Probe (Chrono Boost)  
  51  5:50  Shield Battery  
  50  6:00  Robotics Facility  
  50  6:01  Assimilator  
  48  6:04  Shield Battery  
  48  6:09  Resonating Glaives (Chrono Boost)  
  48  6:10  Probe x2  
  50  6:12  Pylon  
  50  6:22  Pylon  
  50  6:25  Stalker  
  54  6:27  Pylon  
  52  6:33  Gateway  
  52  6:34  Gateway  
  52  6:36  Stalker  
  54  6:42  Adept  
  54  6:44  Observer  
  56  6:52  Adept  
  60  6:59  Pylon, Gateway  
  60  7:01  Adept, Gateway  
  59  7:04  Warp Prism (Chrono Boost)  
  63  7:13  Observer, Adept  
  63  7:14  Adept  
  67  7:21  Adept  
  69  7:28  Sentry  
  69  7:29  Adept  
  73  7:35  Adept x2  
  77  7:40  Gateway  
  75  7:50  Adept x2  
  75  7:51  Adept  
  77  8:07  Adept x4  
  77  8:21  Adept x3  
  77  8:31  Adept  
  77  8:32  Adept x3  
Show
View Real Time Build Order
Export as new Build Order

Lemon Protoss - Winner!

Build Orders: Phoenix Opening, Blink Stalkers 

Get SALT Encoding   

  12  0:00  Probe  
  13  0:12  Probe  
  14  0:16  Pylon  
  14  0:24  Probe (Chrono Boost)  
  15  0:36  Probe (Chrono Boost), Gateway  
  16  0:44  Probe (Chrono Boost)  
  16  0:45  Assimilator  
  17  0:51  Probe  
  18  0:58  Assimilator  
  18  1:03  Probe (Chrono Boost)  
  19  1:07  Gateway  
  19  1:12  Probe (Chrono Boost)  
  19  1:17  Probe (Chrono Boost)  
  20  1:23  Cybernetics Core  
  21  1:29  Probe  
  22  1:35  Pylon  
  22  1:41  Probe  
  23  1:53  Probe  
  24  2:00  Warp Gate, Adept x2  
  28  2:05  Pylon  
  28  2:08  Probe  
  29  2:29  Sentry  
  29  2:30  Sentry  
  29  2:34  Probe  
  34  2:46  Nexus  
  34  2:48  Probe  
  35  2:54  Twilight Council  
  35  3:00  Probe  
  35  3:03  Phoenix  
  36  3:07  Pylon  
  37  3:12  Probe  
  37  3:25  Probe  
  38  3:33  Blink (Chrono Boost)  
  38  3:37  Probe (Chrono Boost)  
  39  3:47  Probe (Chrono Boost)  
  39  3:48  Stalker  
  38  3:49  Stalker  
  38  3:51  Probe (Chrono Boost)  
  38  3:52  Shield Battery  
  41  3:59  Shield Battery  
  41  4:03  Probe  
  41  4:09  Probe  
  43  4:11  Stalker  
  43  4:12  Stalker  
  43  4:16  Probe  
  48  4:30  Stalker x2  
  50  4:35  Probe x2  
  39  4:47  Probe  
  39  4:48  Probe  
  39  4:51  Stalker x2  
  39  5:00  Probe  
  39  5:02  Probe  
  38  5:12  Probe  
  39  5:17  Stalker x2  
  39  5:20  Probe  
  42  5:24  Probe  
  42  5:32  Probe  
  43  5:36  Probe  
  43  5:40  Stalker x2  
  48  5:44  Probe  
  48  5:48  Probe  
  50  5:56  Probe  
  51  6:00  Probe  
  51  6:02  Nexus  
  52  6:06  Stalker  
  52  6:09  Pylon  
  54  6:12  Probe  
  54  6:15  Stalker  
  54  6:17  Probe  
  58  6:21  Pylon  
  58  6:25  Probe  
  59  6:27  Shield Battery  
  59  6:31  Robotics Facility  
  59  6:33  Probe  
  60  6:43  Stalker x2  
  64  6:51  Gateway x2  
  64  6:52  Probe  
  65  6:54  Probe  
  66  7:03  Pylon  
  66  7:04  Probe  
  66  7:06  Probe  
  68  7:10  Stalker x2  
  68  7:15  Observer (Chrono Boost)  
  72  7:16  Probe  
  72  7:20  Probe x2  
  76  7:28  Observer (Chrono Boost)  
  76  7:33  Stalker x2  
  81  7:42  Gateway x2  
  75  7:51  Shield Battery  
  75  7:52  Stalker x2  
  79  8:01  Stalker  
  79  8:02  Stalker  
  79  8:04  Assimilator x2  
  83  8:11  Pylon  
  80  8:20  Stalker x2  
  82  8:31  Stalker  
  82  8:32  Zealot  
  81  8:35  Probe x2  
  81  8:38  Probe  
  82  8:41  Stalker  
  82  8:43  Zealot x3  
Tags
 
Add a new tag
Caveats
  • Supply blocks, unpowered buildings, or Contaminate may cause inaccurate times.
  • Supply counts are checked every 10 seconds.